 Dungeon Crawl Stone Soup version 0.31.0-12-g77e489cdc1 (webtiles) character file.

Game seed: 15008158773506812440

1589 Cheops the Mimic (level 8, -5/43 HPs)
             Began as an Octopode Shapeshifter on Feb 26, 2024.
             Slain by Menkaure (10 damage)
             ... on level 6 of the Dungeon.
             The game lasted 00:12:48 (8396 turns).

Cheops the Mimic (Octopode Shapeshifter)            Turns: 8396, Time: 00:12:48

Health: -5/43      AC:  1    Str: 16    XL:     8   Next: 92%
Magic:  16/16      EV: 17    Int: 12    God:
Gold:   208        SH:  0    Dex: 11    Spells: 7/7 levels left

rFire   . .          .
                       - Unarmed
rCold   . . .        (shield currently unavailable)
rNeg    . . .        (helmet restricted)
rPois   .            (no amulet)
rElec   .            o - ring of magical power
rCorr   .            (no ring)
SInv    .            (no ring)
Will    .....        (no ring)
Stlth   +            (no ring)
HPRegen 0.27/turn    (no ring)
MPRegen 0.15/turn    (no ring)
                     (no ring)

%: no passive effects
@: lethally poisoned (-5 -> -11), flux-form, glowing, studying Shapeshifting
A: glow, contaminating, almost no armour, amphibious, 8 rings, camouflage 1,
gelatinous body 1, (nimble swimmer 1), tentacles, tentacle spike 1, frail 1, low
MP 1
a: Begin Untransformation


You were on level 6 of the Dungeon.
You were something dangerously unstable.
You visited 2 branches of the dungeon, and saw 7 of its levels.

You collected 208 gold pieces.

Inventory:

Hand Weapons
 i - a +4 dagger of speed
Missiles
 h - 2 throwing nets (quivered)
Jewellery
 o - a ring of magical power (left tentacle)
 p - a ring of ice
Talismans
 b - a beast talisman
 c - a flux talisman (active)
Wands
 q - a wand of mindburst (4)
 s - a wand of iceblast (9)
Scrolls
 f - a scroll of amnesia
 j - a scroll of enchant armour {unknown}
 k - a scroll of immolation
 r - a scroll of identify
 t - a scroll of poison
Potions
 a - 3 potions of lignification
 l - a potion of ambrosia
 m - a potion of degeneration
 n - 2 potions of might


   Skills:
 - Level 1.0 Fighting
 - Level 2.0 Dodging
 - Level 5.0 Unarmed Combat
 - Level 2.0 Evocations
 + Level 12.3 Shapeshifting


You had 7 spell levels left.
You didn't know any spells.
Your spell library contained the following spells:

 Spells                   Type           Power      Damage    Failure   Level
 Lesser Beckoning         Tloc           0%         N/A       45%         2
 Gell's Gravitas          Tloc           0%         N/A       69%         3
 Teleport Other           Tloc           0%         N/A       69%         3
 Malign Gateway           Summ/Tloc      0%         N/A       100%        7
 Summon Horrible Things   Summ           0%         N/A       100%        8


Dungeon Overview and Level Annotations

Branches:
Dungeon (6/15)             Temple (1/1) D:5

Altars:
Cheibriados
Elyvilon
Gozag
Hepliaklqana
Makhleb
Sif Muna
Vehumet
Wu Jian
Xom
Yredelemnul
Zin
The Shining One

Shops:
D:4 *

Annotations:
D:6 Grinder, Menkaure


Innate Abilities, Weirdness & Mutations

You are something dangerously unstable.
You glow with magical radiation, making you easy to see and hit.
Foes you strike become dangerously contaminated with magical radiation.
You are incapable of wielding weapons or throwing items.
You cannot wear most types of armour.
You are amphibious.
You can wear up to eight rings at the same time.
Your skin changes colour to match your surroundings (Stealth+).
Your rubbery body absorbs attacks. (AC +1, EV +1)
((You are camouflaged when in or above water. (Stealth+)))
You have tentacles for arms and can constrict up to eight enemies at once.
One of your tentacles bears a spike.
You are frail. (-10% HP)
Your magical capacity is low. (-10% MP)


Message History

You feel very sick.
Menkaure mumbles some strange words.
Menkaure seems to speed up.
Unknown command.
* * * LOW HITPOINT WARNING * * *
You feel very sick.
* * * LOW HITPOINT WARNING * * *
You feel very sick.
Unknown command.
Unknown command.
Unknown command.
Aiming: Mindburst
Press: ? - help, Shift-Dir - straight line, f - Menkaure
Aim: Menkaure (fast, chance to affect: 73%) Menkaure's mind is blasted!!
* * * LOW HITPOINT WARNING * * *
You feel very sick.
Menkaure wails, "Why can't you leave me to my rest?"
Grinder blinks!
Unknown command.
Unknown command.
Unknown command.
Okay, then.
Aiming: Mindburst
Press: ? - help, Shift-Dir - straight line, f/p - Menkaure
Aim: Menkaure (severely damaged, fast, chance to affect: 73%) Menkaure struggles to resist.
* * * LOW HITPOINT WARNING * * *
You feel sick. Menkaure misses you.
Unknown command.
Unknown command.
Unknown command.
Unknown command.
Aiming: Mindburst
Press: ? - help, Shift-Dir - straight line, f/p - Menkaure
Aim: Menkaure (severely damaged, fast, chance to affect: 73%) Menkaure struggles to resist.
* * * LOW HITPOINT WARNING * * *
You feel sick. Menkaure hits you!
You die...

*,,,~*,,,,,,,,,,
***8,*,,,,,,,,,,
**+*,,,,,,,,,,
##########.......,,,,,
##########.......,,,,,
##########.......,,,,,
###>.............,,,,,
######.....##.......,,,,,
#.......pM..........,,,,,
###.####.##.###.......,,,,,
#..<####.......$5...#,****,
###).............##.#,* **
#............#....#,*
#............##.....*
#......########...##**
#......########.....,****
#......########...##,,,,,


You could see Menkaure (fast).

Vanquished Creatures
  Sigmund (D:5)
  Edmund (D:5)
  A water moccasin (D:4)
  Duvessa (D:5)
  An ice beast (D:5)
  A black bear (D:5)
  2 ogres
  A bullfrog (D:6)
  A scorpion (D:5)
  Dowan (D:5)
  3 bombardier beetles
  2 jellies
  An orc priest (D:5)
  Crazy Yiuf (D:5)
  Jessica (D:2)
  An orc wizard (D:5)
  Ijyb (D:4)
  Robin (D:2)
  5 gnolls
  6 adders
  A white imp (D:5)
  4 ufetubi
  4 dart slugs
  A ribbon worm (D:3)
  11 orcs
  6 ball pythons
  12 endoplasms
  8 giant cockroaches
  13 goblins
  12 hobgoblins
  13 jackals
  9 kobolds
  A quokka (D:1)
  8 bats
  6 frilled lizards
  7 rats
149 creatures vanquished.

Notes
Turn   | Place    | Note
-------+----------+-------------------------------------------
     0 | D:1      | Cheops the Octopode Shapeshifter began the quest for the
                  | Orb.
     0 | D:1      | Reached XP level 1. HP: 13/13 MP: 1/1
    40 | D:1      | Found a large runed translucent door.
    40 | D:1      | Found a large runed translucent door.
    74 | D:1      | Reached XP level 2. HP: 16/18 MP: 2/2
   375 | D:1      | Found a faded altar of an unknown god.
   394 | D:1      | Reached XP level 3. HP: 23/23 MP: 3/3
   948 | D:1      | Reached XP level 4. HP: 21/28 MP: 4/4
  1123 | D:2      | Noticed Jessica
  1135 | D:2      | Killed Jessica
  1136 | D:2      | Reached skill level 5 in Unarmed Combat
  1266 | D:2      | Noticed Robin
  1269 | D:2      | Reached XP level 5. HP: 28/33 MP: 5/5
  1275 | D:2      | Killed Robin
  1392 | D:2      | Reached skill level 4 in Shapeshifting
  2015 | D:3      | Found a burning altar of Makhleb.
  2352 | D:3      | Found Roiliago's Armour Emporium.
  2352 | D:3      | Noticed an animated gold dragon scales
  2354 | D:3      | Noticed an animated pearl dragon scales
  2661 | D:4      | Found Xeivvielau's General Store.
  2715 | D:4      | Reached XP level 6. HP: 32/38 MP: 6/6
  2761 | D:4      | Found a glowing golden altar of the Shining One.
  3205 | D:4      | Reached skill level 5 in Shapeshifting
  3282 | D:4      | Noticed Ijyb
  3290 | D:4      | Killed Ijyb
  3557 | D:4      | Identified a scroll of acquirement
  3561 | D:4      | Acquired a manual of Shapeshifting
  3582 | D:5      | Entered Level 5 of the Dungeon
  3592 | D:5      | Noticed Sigmund
  3592 | D:5      | Noticed a water moccasin
  3608 | D:4      | Killed a water moccasin
  3609 | D:4      | Reached skill level 6 in Shapeshifting
  3609 | D:4      | Reached XP level 7. HP: 24/43 MP: 7/7
  3618 | D:4      | Gained mutation: Your magical capacity is low. (-10% MP)
                  | [potion of mutation]
  3618 | D:4      | Gained mutation: You are frail. (-10% HP) [potion of
                  | mutation]
  3618 | D:4      | Gained mutation: One of your tentacles bears a spike.
                  | [potion of mutation]
  4031 | D:5      | Found a white marble altar of Elyvilon.
  4134 | D:5      | Reached skill level 7 in Shapeshifting
  4396 | D:5      | Reached skill level 8 in Shapeshifting
  4502 | D:5      | Noticed Edmund
  4512 | D:5      | Killed Edmund
  4513 | D:5      | Reached skill level 9 in Shapeshifting
  4513 | D:5      | Reached XP level 8. HP: 15/43 MP: 7/7
  4705 | D:5      | Found a runed translucent door.
  4706 | D:5      | Noticed Crazy Yiuf
  4738 | D:5      | Found a staircase to the Ecumenical Temple.
  4847 | D:5      | Noticed Dowan
  4861 | D:5      | Killed Dowan
  4862 | D:5      | Reached skill level 10 in Shapeshifting
  4895 | D:5      | Noticed Duvessa
  4903 | D:5      | Killed Duvessa
  5052 | D:5      | Killed Sigmund
  5053 | D:5      | Reached skill level 11 in Shapeshifting
  5267 | D:5      | Killed Crazy Yiuf
  5347 | Temple   | Entered the Ecumenical Temple
  5928 | D:1      | Found a faded altar of an unknown god.
  6765 | D:3      | Found a burning altar of Makhleb.
  7191 | D:4      | Found Xeivvielau's General Store.
  7199 | D:4      | Found a glowing golden altar of the Shining One.
  7853 | D:5      | Found a white marble altar of Elyvilon.
  7947 | D:5      | Found a staircase to the Ecumenical Temple.
  8301 | D:5      | Reached skill level 12 in Shapeshifting
  8382 | D:6      | Noticed Grinder
  8383 | D:6      | Noticed Menkaure
  8396 | D:6      | Slain by Menkaure

Illustrated notes

Levels and vault maps discovered:
D:1:      erik_arrival_cave_to_civilisation [erik_arrival_cave_to_temple],
          layout_basic, basic_ecumenical_altar, nicolae_grassy_gnolls
D:2:      layout_basic, st_stairs_7, uniq_robin, uniq_jessica
D:3:      layout_loops_ring, mainiacjoe_overflow_boulevard, serial_shops,
          nicolae_shop_mannequins
D:4:      layout_loops_corners, mainiacjoe_overflow_six_doors_small,
          serial_shops, nicolae_diamond_shop, serial_glass, glass_columns_b,
          glass_columns_a, glass_columns_a, glass_columns_a, glass_columns_a,
          glass_columns_c, kennysheep_dice, uniq_ijyb
D:5:      layout_rooms, mainiacjoe_overflow_paths, minmay_temple_entry_mist,
          minmay_crossroads, uniq_sigmund, uniq_edmund, uniq_crazy_yiuf_cottage,
          uniq_duvessa
D:6:      layout_basic, grunt_qazlal_clouds, trog_three_pillars_becter,
          kennysheep_nondescript, uniq_grinder, uniq_jeremiah, uniq_menkaure
Temple:   nicolae_temple_cloud_nine

Skill      XL: |  1  2  3  4  5  6  7  8 |
---------------+-------------------------+-----
Unarmed Combat | 4 5 |  5.0
Shapeshifting  | 4 6 9 12 | 12.3
Evocations     | 2 |  2.0
Fighting       | |  1.0
Dodging        | |  2.0

Action                     |  1- 3 |  4- 6 |  7- 9 || total
---------------------------+-------+-------+-------++-------
  Melee: Unarmed           |    68 |   126 |    96 ||   290
         Constrict         |    18 |    32 |    24 ||    74
         Tentacles         |    10 |    21 |    20 ||    51
         Punch             |     4 |     6 |       ||    10
         Kick              |       |       |    47 ||    47
Ability: Begin Untransform |       |     1 |     1 ||     2
  Evoke: Wand              |       |       |    15 ||    15
    Use: Scroll            |       |     7 |     6 ||    13
         Potion            |       |       |     4 ||     4
   Stab: Sleeping          |     3 |     8 |     1 ||    12
 Armour: Skin              |    19 |    48 |    63 ||   130
  Dodge: Dodged            |    35 |    44 |    87 ||   166
   Form: Beast             |       |     1 |       ||     1
         Flux              |       |       |     2 ||     2
